 Dungeon Crawl Stone Soup version 0.30-a0-672-gc3a7216ad8 (webtiles) character file.

Game seed: 17315097960464555287

2927 drugrobin the Martial Artist (level 9, -1/68 HPs)
             Began as a Demigod Delver on Jan 18, 2023.
             Slain by a hellwing (4 damage)
             ... on level 6 of the Dungeon.
             The game lasted 00:23:32 (7615 turns).

drugrobin the Martial Artist (Demigod Delver)       Turns: 7615, Time: 00:23:32

Health: -1/68      AC:  9    Str: 17    XL:     9   Next: 26%
Magic:  11/11      EV: 12    Int: 16    God:
Gold:   69         SH:  5    Dex: 19    Spells: 5/8 levels left

rFire   . . .      SeeInvis .      - Unarmed
rCold   + . .      Faith    .    (no shield)
rNeg    . . .      Spirit   .    a - +0 leather armour
rPois   .          Reflect  +    D - +0 helmet
rElec   .          Harm     .    y - +1 cloak "Souj" {Will+}
rCorr   .          Rampage  .    u - +0 pair of gloves
Will    +....                    j - +1 pair of boots
Stlth   +++                      n - amulet of reflection
HPRegen 0.31/turn                g - ring of protection from cold
MPRegen 0.12/turn                (no ring)

@: no status effects
A: high MP 1, forlorn, divine attributes
a: no special abilities


You were on level 6 of the Dungeon.
You visited 1 branch of the dungeon, and saw 8 of its levels.

You collected 357 gold pieces.
You spent 288 gold pieces at shops.

Inventory:

Hand Weapons
 b - a +0 shortbow
 v - a +0 short sword of flaming
 x - a +1 whip of draining
Missiles
 o - 3 atropa-tipped darts (quivered)
 K - 4 curare-tipped darts
Armour
 a - a +0 leather armour (worn)
 j - a +1 pair of boots (worn)
 u - a +0 pair of gloves (worn)
 y - the +1 cloak "Souj" (worn) {Will+}
   (You found it on level 3 of the Dungeon)

   Will:      It increases your willpower.
 D - a +0 helmet (worn)
Magical Staves
 B - a staff of death
 E - a staff of fire
Jewellery
 g - a ring of protection from cold (left hand)
 h - an amulet of guardian spirit
 n - an amulet of reflection (around neck)
Wands
 f - a wand of digging (3)
 F - a wand of polymorph (3)
 J - a wand of flame (7)
 L - a wand of light (8)
Scrolls
 c - 3 scrolls of magic mapping
 d - 2 scrolls of fear
 i - a scroll of poison
 k - 4 scrolls of teleportation {unknown}
 l - 4 scrolls of silence {unknown}
 m - 2 scrolls of fog
 p - a scroll of amnesia
 q - a scroll of enchant weapon
 G - 2 scrolls of immolation {unknown}
 I - a scroll of blinking
Potions
 e - 3 potions of haste
 t - a potion of flight {unknown}
 w - a potion of brilliance {unknown}
 z - a potion of lignification {unknown}
 A - 3 potions of heal wounds
 C - 5 potions of curing
 H - a potion of ambrosia {unknown}
 M - 2 potions of attraction


   Skills:
 - Level 2.6 Fighting
 - Level 1.7 Dodging
 - Level 4.5 Stealth
 + Level 11.5 Unarmed Combat
 - Level 4.0 Evocations


You had 5 spell levels left.
You knew the following spells:

 Your Spells              Type           Power      Damage    Failure   Level
a - Blink                 Tloc           0%         N/A       43%         2
b - Summon Small Mammal   Summ           0%         N/A       30%         1

Your spell library contained the following spells:

 Spells                   Type           Power      Damage    Failure   Level
 Call Canine Familiar     Summ           0%         N/A       67%         3
 Stone Arrow              Conj/Erth      0%         3d7       67%         3
 Summon Guardian Golem    Hex/Summ       0%         N/A       67%         3
 Animate Armour           Summ/Erth      0%         N/A       97%         4
 Manifold Assault         Tloc           0%         N/A       97%         4
 Iskenderun's Battlesphe  Conj           0%         2d6       100%        5
 Iron Shot                Conj/Erth      0%         9d1       100%        6
 Spellforged Servitor     Conj/Summ      0%         N/A       100%        7
 Storm Form               Tmut/Air       0%         N/A       100%        7
 Lehudib's Crystal Spear  Conj/Erth      0%         10d2      100%        8


Dungeon Overview and Level Annotations

Branches:
Dungeon (8/15)             Temple (0/1) D:4
   Lair: D:8-11

Shops:
D:4 !   D:6 *

Annotations:
D:3 2 transporters
D:6 1 runed translucent door, Eustachio; NinjaNoafa's ghost, novice DjCj
D:7 1 transporter


Innate Abilities, Weirdness & Mutations

You have an increased reservoir of magic. (+10% MP)
You shall have no god before yourself.
Your divine heritage dramatically boosts your attributes as you level up.


Message History

The hellwing is heavily wounded.
The hellwing hits you but does no damage.
You block the hellwing's attack.
You hit the hellwing but do no damage.
The hellwing is heavily wounded.
You block the hellwing's attack.
The hellwing hits you but does no damage.
You hit the hellwing but do no damage.
The hellwing is heavily wounded.
You hit the hellwing but do no damage.
The hellwing is heavily wounded.
You block the hellwing's attack. The hellwing hits you!
* * * LOW HITPOINT WARNING * * *
Unknown command.
Unknown command.
You closely miss the hellwing.
The hellwing is heavily wounded.
You block the hellwing's attack. The hellwing closely misses you.
Unknown command.
Unknown command.
You barely miss the hellwing. Your punch misses the hellwing.
The hellwing is heavily wounded.
The hellwing hits you but does no damage.
You block the hellwing's attack.
You hit the hellwing.
You punch the hellwing, but do no damage.
The hellwing is heavily wounded.
The hellwing hits you but does no damage.
The hellwing hits you.
* * * LOW HITPOINT WARNING * * *
Unknown command.
You hit the hellwing.
You punch the hellwing, but do no damage.
The hellwing is severely wounded.
You punch the hellwing! You punch the hellwing.
The hellwing is almost dead.
The hellwing hits you!
* * * LOW HITPOINT WARNING * * *
The hellwing hits you.
You die...

#.# #.# #. #.# #.# #. ##.##
##.## #. ##...## ##...## #.
##.....## #.....# #.
##.......########...## ########.
#.............# ##.## ##........
##.......#.##.####.####.....####
##.....##..>..@4..........
##...######.####.####..@
##..######.# #.# #.. ##........#
#.####.### ########## #.##.....#
########## #######.##.....##
#........# #.........##+##.#
#.######.# #.#####..##.W(#.#
#.#......# #.##.##..###.##.#


You could see a hellwing.

Vanquished Creatures
  A centaur zombie (D:8)
  A meliai (D:7)
  A wraith (D:6)
  A wyvern (D:8)
  A warg (D:7)
  A black bear (D:6)
  An ogre (D:5)
  A centaur (D:5)
  3 phantoms
  A kobold brigand (D:6)
  4 scorpions
  A bullfrog (D:7)
  2 necrophages
  A wight (D:7)
  4 howler monkeys
  2 vampire bats
  3 hounds (D:5)
  2 gnoll boudas
  2 jellies
  Ijyb (D:5)
  3 iguanas (D:5)
  2 orc wizards (D:7)
  Robin (D:4)
  8 gnolls
  11 adders
  2 shadow imps (D:6)
  2 white imps
  3 ufetubi (D:7)
  An adder zombie (D:2)
  2 worms (D:2)
  An adder skeleton (D:2)
  9 orcs
  7 ball pythons
  A bat skeleton (D:2)
  5 endoplasms
  4 giant cockroaches
  20 goblins
  14 hobgoblins
  5 quokkas
  2 ball python skeletons (D:2)
  10 bats
  2 frilled lizards
  11 kobolds
  A quokka zombie (D:2)
  6 rats
167 creatures vanquished.

Vanquished Creatures (collateral kills)
  A hobgoblin (D:2)
1 creature vanquished.

Grand Total: 168 creatures vanquished

Notes
Turn   | Place    | Note
-------+----------+-------------------------------------------
     0 | D:5      | drugrobin the Demigod Delver began the quest for the Orb.
     0 | D:5      | Reached XP level 1. HP: 18/18 MP: 3/3
    46 | D:5      | Noticed a centaur
    58 | D:5      | Reached skill level 2 in Unarmed Combat
    58 | D:5      | Reached skill level 1 in Evocations
    60 | D:5      | Noticed an iguana
    67 | D:5      | Killed a centaur
    68 | D:5      | Reached skill level 3 in Unarmed Combat
    68 | D:5      | Reached XP level 2. HP: 13/25 MP: 4/4
    68 | D:5      | Reached XP level 3. HP: 16/30 MP: 5/5
    68 | D:5      | Reached XP level 4. HP: 19/37 MP: 6/6
   128 | D:5      | Reached XP level 5. HP: 40/42 MP: 7/7
   167 | D:5      | Noticed an ogre
   238 | D:5      | Reached skill level 4 in Unarmed Combat
   279 | D:4      | Found a staircase to the Ecumenical Temple.
   311 | D:3      | Found a transporter.
   323 | D:3      | Noticed a kobold demonologist
   470 | D:2      | Learned a level 2 spell: Blink
  1835 | D:2      | Reached XP level 6. HP: 50/50 MP: 8/8
  1837 | D:2      | Learned a level 1 spell: Summon Small Mammal
  2522 | D:3      | Found a transporter.
  2643 | D:2      | Reached skill level 5 in Unarmed Combat
  2863 | D:3      | Identified the +1 cloak "Souj" {Will+}
  3218 | D:4      | Found Daitior's Distillery.
  3235 | D:4      | Bought a potion of heal wounds for 70 gold pieces
  3235 | D:4      | Bought a potion of berserk rage for 70 gold pieces
  3235 | D:4      | Bought a potion of curing for 42 gold pieces
  3398 | D:4      | Reached skill level 6 in Unarmed Combat
  3443 | D:4      | Noticed Robin
  3572 | D:4      | Reached XP level 7. HP: 55/55 MP: 9/9
  3872 | D:4      | Killed Robin
  3947 | D:5      | Noticed Ijyb
  3983 | D:5      | Killed Ijyb
  4055 | D:5      | Reached skill level 7 in Unarmed Combat
  4534 | D:6      | Reached skill level 8 in Unarmed Combat
  4561 | D:6      | Reached XP level 8. HP: 18/62 MP: 10/10
  5070 | D:6      | Reached skill level 9 in Unarmed Combat
  5104 | D:6      | Noticed Eustachio
  5429 | D:6      | Found Yqitt's Serpentskin Sales.
  5439 | D:6      | Bought 3 curare-tipped darts for 50 gold pieces
  5439 | D:6      | Bought a scroll of poison for 56 gold pieces
  5926 | D:6      | Found a runed translucent door.
  5926 | D:6      | Noticed NinjaNoafa's ghost (novice DjCj)
  5926 | D:6      | Noticed a +1 quarterstaff of chaos
  6277 | D:7      | Reached skill level 10 in Unarmed Combat
  6410 | D:7      | Identified the +3 dire flail of the Tundras {heavy, rC++
                  | Str-5 Dex+4}
  6410 | D:7      | Noticed a two-headed ogre
  6701 | D:7      | a steam dragon changed into a harpy
  6701 | D:7      | Noticed a harpy
  6702 | D:7      | a harpy changed into a meliai
  6702 | D:7      | Noticed a meliai
  7142 | D:7      | Found a transporter.
  7390 | D:8      | Reached XP level 9. HP: 27/68 MP: 11/11
  7520 | D:7      | Reached skill level 11 in Unarmed Combat
  7615 | D:6      | HP: 3/68 [hellwing (12)]
  7615 | D:6      | Slain by a hellwing

Illustrated notes

Levels and vault maps discovered:
D:1:      dpeg_arrival_rhombus, layout_basic, moated_statue, minmay_heptomino_l4
D:2:      layout_basic, basic_altar, serial_undead, serial_undead_f,
          serial_undead_c, serial_undead_e, serial_undead_f, dk_noncrumbling_3,
          chequers_serial_rivers_small_a, kennysheep_generic_room_16
D:3:      gammafunk_wand_slinger, layout_loops_ring, grunt_ministairs_5,
          minmay_misc_feat_hallway, hangedman_glass_teeth
D:4:      layout_rooms, minmay_temple_entry_sparse_star, serial_shops,
          nicolae_square_shop, uniq_robin
D:5:      layout_layer_cave, uniq_ijyb
D:6:      layout_loops_corners, ebering_ghost_xom, guppyfry_shop_venom,
          uniq_eustachio
D:7:      layout_loops_ring, gammafunk_ghost_smash, serial_glass,
          glass_columns_b, glass_columns_c, glass_columns_a, roderic_batcave,
          minmay_checkerbox
D:8:      cheibrodos_grave_circle, layout_cave_pools

Skill      XL: |  1  2  3  4  5  6  7  8  9 |
---------------+----------------------------+-----
Unarmed Combat | 3 4 6 8 10 11 | 11.5
Evocations     | 2 3 4 |  4.0
Fighting       | |  2.6
Dodging        | |  1.7
Stealth        | |  4.5

Action                   |  1- 3 |  4- 6 |  7- 9 || total
-------------------------+-------+-------+-------++-------
Melee: Unarmed           |       |   203 |   327 ||   530
       Punch             |       |    10 |    30 ||    40
 Fire: Shortbow          |       |   116 |    43 ||   159
Throw: Dart              |       |     2 |     8 ||    10
 Cast: Summon Small Mamm |       |     3 |     5 ||     8
Evoke: Wand              |     3 |     9 |    15 ||    27
  Use: Scroll            |       |       |     6 ||     6
       Potion            |       |       |     1 ||     1
 Stab: Sleeping          |       |     3 |     4 ||     7
       Distracted        |       |       |     1 ||     1
Armor: Leather armour    |       |    57 |   116 ||   173
Dodge: Dodged            |       |    97 |   196 ||   293
Block: Other             |       |    42 |    78 ||   120
       Reflection        |       |       |     6 ||     6

Table legend: (Time is in decaauts)
 A = Elapsed time spent in this place.
 B = Non-inter-level travel time spent in this place.
 C = Inter-level travel time spent in this place.
 D = Time resting spent in this place.
 E = Time spent auto-exploring this place.
 F = Levels seen in this place.
 G = Mean time per level.
                   A        B        C        D        E       F      G
               +--------+--------+--------+--------+--------+-----+--------+
         Total |   7635 |   7174 |    461 |   1118 |   4176 |   8 |  954.4 |
       Dungeon |   7635 |   7174 |    461 |   1118 |   4176 |   8 |  954.4 |
               +--------+--------+--------+--------+--------+-----+--------+

Top non-repeatable levels by time:
     D:6: 1778 daAuts
     D:7: 1261 daAuts
     D:2: 1185 daAuts
     D:3: 928 daAuts
     D:5: 830 daAuts
     D:1: 794 daAuts
     D:4: 791 daAuts
     D:8: 65 daAuts
